Map: Overgrowth LE (Void)

Players

Fropez - Winner!

  • Race: Protoss Protoss
  • League: Gold
  • Spawn Location: 1:00

Woosa

  • Race: Protoss Protoss
  • League: Gold
  • Spawn Location: 7:00

VOD

Have the link to the VOD?

Description

Time

  • Played on: Jan. 24, 2017, 10:45 a.m.
  • Length: 13:39
Show
View Real Time Build Order
Export as new Build Order

Fropez Protoss - Winner!

Build Orders: 1 Gate Expand 

Get SALT Encoding   

  12  0:01  Probe (Chrono Boost)  
  13  0:11  Probe (Chrono Boost)  
  14  0:21  Pylon  
  14  0:23  Probe (Chrono Boost)  
  15  0:39  Probe (Chrono Boost), Gateway  
  16  0:47  Assimilator  
  16  0:54  Probe (Chrono Boost)  
  17  1:05  Probe (Chrono Boost)  
  18  1:16  Probe (Chrono Boost)  
  19  1:22  Nexus  
  19  1:32  Cybernetics Core  
  19  1:44  Probe (Chrono Boost)  
  19  1:45  Pylon  
  20  1:48  Assimilator  
  20  1:58  Probe (Chrono Boost)  
  20  2:03  Warp Gate  
  21  2:09  Probe (Chrono Boost)  
  21  2:10  Adept  
  21  2:14  Gateway  
  23  2:25  Probe (Chrono Boost)  
  24  2:42  Adept, Probe (Chrono Boost)  
  24  2:43  Probe (Chrono Boost)  
  28  2:55  Probe (Chrono Boost)  
  31  2:58  Mothership Core (Chrono Boost)  
  31  3:01  Adept  
  31  3:03  Pylon  
  33  3:06  Adept  
  36  3:13  Probe (Chrono Boost)  
  36  3:18  Probe (Chrono Boost)  
  37  3:26  Probe (Chrono Boost)  
  36  3:30  Probe (Chrono Boost)  
  37  3:42  Assimilator  
  37  3:43  Probe (Chrono Boost)  
  37  3:44  Pylon, Probe (Chrono Boost)  
  37  3:47  Twilight Council  
  36  3:50  Pylon  
  34  3:56  Probe (Chrono Boost)  
  33  4:11  Stalker x2  
  35  4:34  Probe x2 (Chrono Boost)  
  35  4:38  Gateway  
  35  4:40  Gateway  
  35  4:43  Pylon  
  35  4:44  Blink, Stalker x2  
  39  4:45  Pylon  
  39  5:05  Pylon  
  38  5:08  Probe (Chrono Boost)  
  38  5:09  Probe (Chrono Boost)  
  38  5:10  Stalker x2  
  39  5:23  Probe x2 (Chrono Boost)  
  41  5:30  Adept  
  41  5:33  Adept  
  41  5:35  Probe x2 (Chrono Boost)  
  47  5:46  Adept  
  47  5:47  Probe x2 (Chrono Boost)  
  51  5:59  Probe x2 (Chrono Boost)  
  53  6:10  Adept x2  
  53  6:11  Adept x2  
  63  6:19  Probe x2 (Chrono Boost)  
  63  6:30  Adept  
  63  6:31  Probe (Chrono Boost)  
  64  6:38  Adept x2  
  64  6:39  Adept  
  68  6:49  Probe x2 (Chrono Boost)  
  70  7:13  Stalker x4  
  74  7:22  Probe x2 (Chrono Boost)  
  68  7:26  Assimilator  
  67  7:34  Probe x2 (Chrono Boost)  
  63  7:40  Stalker x2  
  63  7:41  Stalker  
  68  8:03  Probe x2 (Chrono Boost)  
  70  8:06  Nexus  
  70  8:08  Adept x4  
  78  8:15  Probe (Chrono Boost)  
  71  8:47  Stalker x4  
  77  8:50  Probe x2 (Chrono Boost)  
  77  8:54  Pylon  
  73  8:56  Pylon  
  73  8:59  Forge  
  73  9:02  Probe x2 (Chrono Boost)  
  73  9:14  Probe x2 (Chrono Boost)  
  73  9:16  Adept x4  
  83  9:22  Probe (Chrono Boost)  
  84  9:26  Probe (Chrono Boost)  
  84  9:29  Protoss Ground Weapons Level 1  
  85  9:41  Gateway  
  85  9:43  Gateway  
  85  9:47  Gateway  
  85  9:58  Resonating Glaives  
  79  10:00  Stalker x4  
  79  10:04  Assimilator  
  85  10:08  Assimilator  
  85  10:10  Pylon  
  85  10:22  Robotics Facility  
  75  10:58  Stalker  
  75  10:59  Stalker x3  
  67  11:14  Gateway  
  67  11:16  Probe (Chrono Boost)  
  67  11:17  Probe x2 (Chrono Boost), Gateway  
  70  11:20  Stalker x3  
  70  11:22  Gateway  
  76  11:27  Stalker  
  76  11:28  Stalker x3  
  84  11:34  Pylon  
  84  11:55  Stalker  
  84  11:56  Stalker x6  
  88  12:12  Mothership Core (Chrono Boost)  
  90  12:16  Stalker x2  
  90  12:20  Stalker  
  93  12:31  Stalker x2  
  95  12:42  Stalker x2  
  85  13:22  Adept  
Show
View Real Time Build Order
Export as new Build Order

Woosa Protoss 

Build Orders: Oracle Opening, Phoenix Opening 

Get SALT Encoding   

  12  0:01  Probe (Chrono Boost)  
  13  0:12  Probe (Chrono Boost)  
  14  0:22  Pylon, Probe (Chrono Boost)  
  15  0:40  Probe (Chrono Boost), Gateway  
  16  0:49  Assimilator  
  16  0:51  Probe (Chrono Boost)  
  16  0:55  Assimilator  
  17  1:01  Probe (Chrono Boost)  
  18  1:12  Probe (Chrono Boost)  
  19  1:31  Cybernetics Core  
  19  1:33  Pylon  
  19  1:36  Probe (Chrono Boost)  
  19  1:38  Pylon  
  20  1:47  Probe (Chrono Boost)  
  21  2:00  Probe (Chrono Boost)  
  22  2:11  Stargate  
  23  2:18  Mothership Core (Chrono Boost)  
  23  2:21  Warp Gate  
  24  2:23  Zealot  
  26  2:36  Probe (Chrono Boost)  
  26  2:55  Oracle  
  26  3:00  Nexus  
  29  3:22  Probe (Chrono Boost)  
  30  3:32  Pylon  
  30  3:34  Phoenix  
  30  3:37  Probe (Chrono Boost)  
  34  3:50  Probe (Chrono Boost)  
  35  4:03  Probe (Chrono Boost)  
  35  4:13  Phoenix  
  35  4:15  Probe (Chrono Boost)  
  33  4:46  Probe (Chrono Boost)  
  33  4:47  Probe (Chrono Boost)  
  33  4:49  Assimilator  
  33  4:51  Phoenix, Gateway  
  33  4:52  Gateway  
  34  4:55  Pylon  
  34  4:58  Probe x2 (Chrono Boost)  
  38  5:08  Probe (Chrono Boost)  
  38  5:10  Probe (Chrono Boost)  
  40  5:20  Phoenix  
  41  5:23  Probe (Chrono Boost)  
  41  5:24  Probe (Chrono Boost)  
  44  5:30  Forge  
  44  5:33  Pylon  
  44  5:34  Probe (Chrono Boost)  
  44  5:35  Probe (Chrono Boost)  
  46  5:39  Assimilator  
  46  5:42  Phoenix  
  46  5:45  Probe (Chrono Boost)  
  46  5:47  Probe (Chrono Boost)  
  49  5:58  Pylon  
  49  5:59  Probe (Chrono Boost)  
  49  6:01  Gateway  
  49  6:03  Gateway  
  44  6:28  Probe (Chrono Boost)  
  44  6:30  Probe (Chrono Boost)  
  46  6:39  Probe (Chrono Boost)  
  47  6:42  Probe (Chrono Boost)  
  48  6:51  Photon Cannon  
  48  6:52  Probe (Chrono Boost)  
  50  6:54  Probe (Chrono Boost)  
  50  6:59  Zealot  
  50  7:00  Zealot  
  45  7:24  Probe (Chrono Boost)  
  45  7:25  Probe (Chrono Boost)  
  47  7:35  Probe (Chrono Boost)  
  49  7:37  Probe (Chrono Boost)  
  49  7:47  Stalker  
  49  7:48  Stalker  
  49  7:50  Probe (Chrono Boost), Zealot x3  
  60  8:01  Pylon  
  60  8:05  Pylon  
  60  8:09  Probe (Chrono Boost)  
  56  8:41  Stalker  
  56  8:42  Stalker x3  
  59  8:50  Probe (Chrono Boost)  
  59  8:51  Probe (Chrono Boost)  
  61  9:00  Probe (Chrono Boost)  
  63  9:03  Probe (Chrono Boost)  
  63  9:09  Pylon  
  63  9:11  Probe (Chrono Boost)  
  63  9:14  Phoenix  
  63  9:15  Probe (Chrono Boost), Protoss Ground Weapons Level 1  
  64  9:21  Probe (Chrono Boost)  
  65  9:27  Probe (Chrono Boost)  
  65  9:30  Robotics Facility  
  66  9:32  Probe (Chrono Boost)  
  66  9:36  Forge, Stalker x3  
  74  9:40  Probe (Chrono Boost)  
  74  9:42  Probe (Chrono Boost)  
  75  9:52  Probe (Chrono Boost)  
  76  9:53  Probe (Chrono Boost)  
  73  10:03  Probe (Chrono Boost)  
  73  10:04  Probe (Chrono Boost)  
  76  10:14  Probe (Chrono Boost)  
  76  10:16  Probe (Chrono Boost)  
  77  10:25  Probe (Chrono Boost)  
  77  10:26  Nexus, Immortal  
  77  10:28  Probe (Chrono Boost), Stalker  
  83  10:31  Sentry x2  
  89  10:40  Probe (Chrono Boost)  
  73  10:53  Zealot x3  
  70  11:16  Probe (Chrono Boost)  
  70  11:18  Probe (Chrono Boost)  
  72  11:27  Mothership Core (Chrono Boost)  
  72  11:30  Probe (Chrono Boost)  
  75  11:35  Adept x2  
  79  11:46  Photon Cannon  
  73  12:07  Stalker  
  73  12:08  Stalker  
  75  12:41  Stalker x3  
  75  12:42  Stalker x2  
  85  12:56  Immortal  
  84  13:09  Zealot x3  
  84  13:10  Zealot  
Tags
 
Add a new tag
Caveats
  • Supply blocks, unpowered buildings, or Contaminate may cause inaccurate times.
  • Supply counts are checked every 10 seconds.